AoeStats
← kjubab

Arabia

511020050Analyzed
2v2 RM · 8h ago on Oct 3, 2026· 26m 8s· 4 players
Game mode
Random Map
Map size
Medium (4 player)
Population
200
Speed
Normal
Resources
Standard
Victory
Conquest
Starting age
Dark Age
Ending age
Imperial Age
RankedLock teamsTeams togetherTeam positionsShared explorationLock speedFull tech treeHidden civsTurbo modeCheats
Victory
Defeat
🇨🇿 Khmer · Czechia
765
+14
🇨🇿 Vietnamese · Czechia
670
+18
🇨🇳 Maya · China
768
-17
🇨🇳 Bohemians · China
686
-15
kjubab
10:21 Feudal Age
8:38 Loom
13:07 Bloodlines
16:39 Castle Age
16:10 Double-Bit Axe
16:35 Scale Barding Armor
17:26 Forging
19:15 Husbandry
23:10 Iron Casting
22:55 Chain Barding Armor
24:11 Horse Collar
Kedrgda
4:05 Loom
14:13 Feudal Age
16:05 Double-Bit Axe
18:12 Wheelbarrow
17:20 Horse Collar
26:11 Castle Age
25:20 Padded Archer Armor
25:12 Fletching
25:24 Scale Mail Armor
26:43 Forging
W1NNer
12:20 Feudal Age
13:40 Double-Bit Axe
19:43 Castle Age
一个老人
0:36 Loom
11:50 Feudal Age
12:41 Double-Bit Axe
14:20 Wheelbarrow
17:43 Castle Age
15:57 Horse Collar
16:09 Gold Mining
16:37 Stone Mining
25:11 Pikeman
Connection lost

Rejoining the realm…

Still unreachable

The connection could not be restored.

Session expired

The server has moved on; the page needs a fresh start.